 Dungeon Crawl Stone Soup version 0.14-a0-1097-gc7db7fc (webtiles) character file.

86 Mitsuki the Insei (level 3, -6/23 HPs)
             Began as an Octopode Transmuter on Nov 28, 2013.
             Mangled by a gnoll
             ... wielding a +0,+0 whip
              (10 damage)
             ... on Level 2 of the Dungeon.
             The game lasted 00:16:43 (1149 turns).

Mitsuki the Insei (Octopode Transmuter)             Turns: 1149, Time: 00:16:52

HP  -6/23        AC  1     Str  9      XL: 3   Next: 18%
MP   1/4         EV 12     Int 15      God:
Gold 56          SH  0     Dex 13      Spells:  3 memorised,  0 levels left

rFire  . . .     SeeInvis .       - Unarmed
rCold  . . .     Clarity  .     (no shield)
rNeg   . . .     Conserve .     (helmet restricted)
rPois  .         rCorr    .     (no amulet)
rElec  .         rRot     .     (no ring)
SustAb . .       Spirit   .     (no ring)
rMut   .         Warding  .     (no ring)
Saprov . . .     Stasis   .     (no ring)
                                (no ring)
                                (no ring)
                                (no ring)
                                (no ring)

@: appendage, not resistant to hostile enchantments, fairly stealthy
A: almost no armour, amphibious, 8 rings, constrict 8, spike 3, camouflage 1,
gelatinous body 1
a: End Transformation


You were on level 2 of the Dungeon.
You were not hungry.
One of your tentacles had a temporary spike.
You visited 1 branch of the dungeon, and saw 2 of its levels.

You collected 56 gold pieces.

Inventory:

Missiles
 c - 10 exploding darts (quivered)
 h - 2 darts of flame
 j - 12 poisoned needles
Comestibles
 a - a chunk of hobgoblin flesh
 b - a chunk of giant cockroach flesh
Scrolls
 f - 2 scrolls of remove curse {unknown}
 g - 2 scrolls of identify {unknown}
Potions
 e - a potion of speed
 i - a potion of magic {unknown}
Books
 d - a book of Changes

   Spells                             Type                      Level
   *Beastly Appendage                 Transmutation                1
   *Sticks to Snakes                  Transmutation                2
   *Spider Form                       Transmutation/Poison         3
   Ice Form                           Ice/Transmutation            4
   Blade Hands                        Transmutation                5


   Skills:
 * Level 1.3 Fighting
 + Level 2.3 Dodging
 + Level 3.2 Unarmed Combat
 + Level 2.2 Spellcasting
 + Level 2.5 Transmutations


You couldn't memorise any spells.
You knew the following spells:

 Your Spells              Type           Power        Failure   Level  Hunger
a - Beastly Appendage     Trmt           #.....       10%         1    #......
b - Sticks to Snakes      Trmt           #.........   12%         2    ###....
c - Spider Form           Trmt/Pois      #.........   43%         3    ####...


Dungeon Overview and Level Annotations

Branches:
Dungeon (2/16)

Altars:


Innate Abilities, Weirdness & Mutations

You cannot wear most types of armour.
You are amphibious.
You can wear up to eight rings at the same time.*
You can use your tentacles to constrict many enemies at once.*
Your skin changes colour to match your surroundings (Stlth).*
Your rubbery body absorbs attacks (AC +1).*
One of your tentacles bears a large vicious spike.*


Message History

One of your tentacles grows a vicious spike.
The hobgoblin looks more healthy.
You hit the hobgoblin but do no damage. You grab the hobgoblin.
You pierce the hobgoblin.
You kill the hobgoblin!
You closely miss the gnoll. Your grab misses the gnoll.
The gnoll hits you with a whip. The gnoll closely misses you.
You closely miss the gnoll. Your grab misses the gnoll.
The gnoll closely misses you.
You hit the gnoll but do no damage. You grab the gnoll.
You pierce the gnoll.
You squeeze the gnoll!
The gnoll is heavily wounded.
You constrict the gnoll. The gnoll hits you with a whip.
You hit the gnoll but do no damage.
You pierce the gnoll.
The gnoll is almost dead.
You constrict the gnoll.
The gnoll hits you from afar with a spear!
* * * LOW HITPOINT WARNING * * *
The gnoll hits you with a whip!
You die...

#%# #.# #.# #.##
#..# #####+## ##g#
#......# #g#
#......#
....###g###
#......# #.....@.##
#......#
#####.#..###
#......#
#.##...####......##
#.####....'......).
#.# ######......##
#.# ##'##### #.#
#.# #.# #.## .
#..##


You could see 3 gnolls.

Vanquished Creatures
  A giant mite (D:1)
  4 goblins
  7 hobgoblins
  A quokka (D:2)
  3 bats (D:1)
  2 giant cockroaches
  2 giant newts (D:1)
  2 kobolds
22 creatures vanquished.

Notes
Turn   | Place    | Note
--------------------------------------------------------------
     0 | D:1      | Mitsuki, the Octopode Transmuter, began the quest for the Orb.
     0 | D:1      | Reached XP level 1. HP: 13/13 MP: 1/1
     9 | D:1      | Noticed a water moccasin
     9 | D:1      | Noticed a wyvern
     9 | D:1      | Noticed a polar bear
    52 | D:1      | Reached XP level 2. HP: 15/18 MP: 3/3
   928 | D:2      | Reached XP level 3. HP: 17/23 MP: 2/4
   934 | D:2      | Learned a level 2 spell: Sticks to Snakes
   941 | D:2      | Learned a level 3 spell: Spider Form
  1149 | D:2      | Mangled by a gnoll

Action                   || total
-------------------------++-------
Melee: Unarmed           ||    42
       Short sword       ||     9
Throw: Dart              ||     2
 Cast: Beastly Appendage ||    12
       Spider Form       ||     3
